cohdb
Replays
Latest Replays
All Replays
Popular Replays
Top Player Replays
Match Explorer
How It Works
Community
CoH3 Stats
Reddit
Sign in to upload your games and track your stats! →
Sign in with Steam
Match 42803562
Unlisted
Match 42803562
Overview
Messages
Build Orders
End
Construct Barracks
Engineer Squad
Riflemen Squad
Riflemen Squad
Construct Weapon Support Center
M1919 Machine Gun Team
Construct Medical Station
Air Support Center
Selects Special Operations Battlegroup
Selects Smoke Screen
P-47 Strafing Run
Grasshopper Recon Run
Construct Motor Pool
Grenade Package
M1 Anti-tank Gun Team
Selects SSF Commando Squad
Grasshopper Recon Run
P-47 Strafing Run
SSF Commando Squad
P-47 Strafing Run
Double Sortie
Grasshopper Recon Run
Selects M29 Weasel with M1 Pack Howitzer
.30 cal Machine Gun
Grasshopper Recon Run
M1 Anti-tank Gun Team
Grasshopper Recon Run
P-47 Strafing Run
Construct Tank Depot
P-47 Strafing Run
P-47 Dive Bomb
Grasshopper Recon Run
Selects P-47 Anti-Infantry Loiter
P-47 Anti-Infantry Loiter
Grasshopper Recon Run
M4A1 Sherman Medium Tank
Grasshopper Recon Run
Engineer Squad
M18 Hellcat Tank Destroyer
Grasshopper Recon Run
P-47 Strafing Run
P-47 Dive Bomb
Selects M4A1 Sherman Whizbang
Improved Aircraft Armor
Grasshopper Recon Run
P-47 Strafing Run
P-47 Anti-Infantry Loiter
M18 Hellcat Tank Destroyer
Grasshopper Recon Run
P-47 Strafing Run
Selects Assault Operation
M4A1 Sherman Whizbang
Grasshopper Recon Run
P-47 Dive Bomb
P-47 Strafing Run
SSF Commando Squad
Grasshopper Recon Run
Gordon Birdman
DeadPhoenix
Roger Roach
Banillo
0
0
Comments
sign in to comment!
No comments posted yet!